 Dungeon Crawl Stone Soup version 0.21-a0-536-gdbbf329 (webtiles) character file.

143 robertstho the Charmwright (level 5, -4/43 HPs)
             Began as a Gnoll Skald on Dec 14, 2017.
             Slain by a river rat (5 damage)
             ... on level 3 of the Dungeon.
             The game lasted 00:05:36 (2062 turns).

robertstho the Charmwright (Gnoll Skald)            Turns: 2062, Time: 00:05:37

Health: -4/43      AC:  4    Str: 13    XL:     5   Next: 25%
Magic:  11/12      EV: 14    Int: 15    God:
Gold:   120        SH:  0    Dex: 16    Spells: 3/14 levels left

rFire    . . .     SeeInvis .   u - +1 whip (elec)
rCold    . . .     Gourm    .   (no shield)
rNeg     . . .     Faith    .   b - +0 leather armour
rPois    .         Spirit   .   (no helmet)
rElec    .         Reflect  .   (no cloak)
rCorr    .         Harm     .   p - +0 pair of gloves
MR       .....                  (no boots)
Stlth    +.........             (no amulet)
HPRegen  0.14/turn              (no ring)
MPRegen  0.13/turn              (no ring)

@: very slow
A: distributed training, fangs 1, strong nose
a: no special abilities


You were on level 3 of the Dungeon.
You were not hungry.

You visited 1 branch of the dungeon, and saw 3 of its levels.

You collected 120 gold pieces.

Inventory:

Hand Weapons
 a - a +0 hand axe
 s - a +0 hunting sling
 u - a +1 whip of electrocution (weapon)
 x - a +0 war axe
Missiles
 f - 99 stones (quivered)
 k - 19 bolts
 y - a throwing net
Armour
 b - a +0 leather armour (worn)
 p - a +0 pair of gloves (worn)
Jewellery
 r - an uncursed ring of protection from cold {unknown}
Scrolls
 l - a scroll of immolation {unknown}
Potions
 e - a potion of heal wounds
 g - a potion of ambrosia
 j - a potion of haste
 m - a potion of berserk rage {unknown}
 n - a potion of brilliance {unknown}
 o - a potion of agility {unknown}
 q - a potion of degeneration {unknown}
 t - a potion of flight {unknown}
Books
 c - a book of Battle

   Spells                             Type                      Level
   a - Infusion                       Charms                       1
   b - Shroud of Golubria             Charms/Translocation         2
   c - Song of Slaying                Charms                       2
   d - Spectral Weapon                Hexes/Charms                 3
   e - Regeneration                   Charms/Necromancy            3
Comestibles
 d - 3 bread rations
 v - 2 chunks of flesh
 w - 2 fruits


   Skills:
 + Level 4.7 Fighting
 + Level 1.4 Short Blades
 + Level 1.4 Long Blades
 + Level 4.7 Axes
 + Level 1.4 Maces & Flails
 + Level 1.4 Polearms
 + Level 1.4 Staves
 + Level 1.4 Slings
 + Level 1.4 Bows
 + Level 1.4 Crossbows
 + Level 1.4 Throwing
 + Level 2.9 Armour
 + Level 4.7 Dodging
 + Level 1.4 Stealth
 + Level 1.4 Shields
 + Level 1.4 Unarmed Combat
 + Level 5.1 Spellcasting
 + Level 1.1 Conjurations
 + Level 1.1 Hexes
 + Level 5.5 Charms
 + Level 1.1 Summonings
 + Level 1.1 Necromancy
 + Level 1.1 Translocations
 + Level 1.1 Transmutations
 + Level 1.1 Fire Magic
 + Level 1.1 Ice Magic
 + Level 1.1 Air Magic
 + Level 1.1 Earth Magic
 + Level 1.1 Poison Magic
 + Level 1.5 Invocations
 + Level 1.4 Evocations


You had 3 spell levels left.
You knew the following spells:

 Your Spells              Type           Power        Failure   Level  Hunger
a - Infusion              Chrm           ###.         1%          1    None
b - Song of Slaying       Chrm           ###.....     3%          2    ##.....
c - Shroud of Golubria    Chrm/Tloc      ##........   8%          2    ##.....
d - Regeneration          Chrm/Necr      ##........   16%         3    ###....
e - Spectral Weapon       Hex/Chrm       ##......     16%         3    ###....


Dungeon Overview and Level Annotations

Branches:
Dungeon (3/15)

Altars:
Dithmenos
Nemelex Xobeh


Innate Abilities, Weirdness & Mutations

Your experience applies equally to all skills.
You have very sharp teeth.
Your uncanny sense of smell can sniff out nearby items.


Message History

You feel sick.
You feel sick.
You are no longer poisoned.
A rat comes into view.
You hear the quick rusting of a drain nearby.
You are no longer magically infusing your attacks.
A river rat and a worm come into view.
The worm moves out of view.
The rat closely misses you.
You hit the rat. Lightning courses through the rat!
You kill the rat!
The river rat moves out of view.
An adder comes into view.
The adder hisses angrily.
The river rat barely misses you.
You hit the river rat.
The river rat is lightly wounded.
The river rat bites you.
* * * LOW HITPOINT WARNING * * *
The river rat bites you.
You die...

# .# # #####.#.#.
#####.....#..
#≈≈≈#....... # #
#≈#≈#≈..#.#
≈≈≈≈#≈#@#≈#≈....#
#≈w≈r≈#≈≈≈≈...##
#####≈#≈#≈.....#
≈≈#≈≈≈.....#
####≈#......#
#≈≈≈.....#
#≈≈......#
#.#.......#
#...<..#### ##


You could see a worm and a river rat.

Vanquished Creatures
  An orc priest (D:3)
  An orc wizard (D:3)
  Robin (D:2)
  A river rat (D:3)
  2 adders
  A worm (D:3)
  4 orcs (D:3)
  5 goblins (D:2)
  9 hobgoblins
  A quokka (D:3)
  A ball python (D:1)
  4 bats
  2 frilled lizards
  8 kobolds
  3 rats (D:3)
44 creatures vanquished.

Notes
Turn   | Place    | Note
-------+----------+-------------------------------------------
     0 | D:1      | robertstho the Gnoll Skald began the quest for the Orb.
     0 | D:1      | Reached XP level 1. HP: 20/20 MP: 6/6
   371 | D:1      | Reached XP level 2. HP: 26/26 MP: 7/7
  1030 | D:2      | Found a shadowy altar of Dithmenos.
  1095 | D:2      | Found a faded altar of an unknown god.
  1186 | D:2      | Reached skill level 5 in Spellcasting
  1186 | D:2      | Reached XP level 3. HP: 18/31 MP: 7/9
  1429 | D:2      | Noticed Robin
  1441 | D:2      | Killed Robin
  1441 | D:2      | Reached skill level 1 in Invocations
  1719 | D:3      | Reached skill level 1 in Short Blades
  1719 | D:3      | Reached skill level 1 in Long Blades
  1719 | D:3      | Reached skill level 1 in Maces & Flails
  1719 | D:3      | Reached skill level 1 in Polearms
  1719 | D:3      | Reached skill level 1 in Staves
  1719 | D:3      | Reached skill level 1 in Slings
  1719 | D:3      | Reached skill level 1 in Bows
  1719 | D:3      | Reached skill level 1 in Crossbows
  1719 | D:3      | Reached skill level 1 in Throwing
  1719 | D:3      | Reached skill level 1 in Stealth
  1719 | D:3      | Reached skill level 1 in Shields
  1719 | D:3      | Reached skill level 1 in Unarmed Combat
  1719 | D:3      | Reached skill level 1 in Evocations
  1728 | D:3      | Learned a level 2 spell: Song of Slaying
  1731 | D:3      | Learned a level 2 spell: Shroud of Golubria
  1735 | D:3      | Learned a level 3 spell: Regeneration
  1739 | D:3      | Learned a level 3 spell: Spectral Weapon
  1889 | D:3      | Reached XP level 4. HP: 33/38 MP: 3/11
  1896 | D:3      | Reached skill level 1 in Conjurations
  1896 | D:3      | Reached skill level 1 in Hexes
  1896 | D:3      | Reached skill level 1 in Summonings
  1896 | D:3      | Reached skill level 1 in Necromancy
  1896 | D:3      | Reached skill level 1 in Translocations
  1896 | D:3      | Reached skill level 1 in Transmutations
  1896 | D:3      | Reached skill level 1 in Fire Magic
  1896 | D:3      | Reached skill level 1 in Ice Magic
  1896 | D:3      | Reached skill level 1 in Air Magic
  1896 | D:3      | Reached skill level 1 in Earth Magic
  1896 | D:3      | Reached skill level 1 in Poison Magic
  1897 | D:3      | Reached XP level 5. HP: 15/43 MP: 0/12
  1964 | D:3      | Found a sparkling altar of Nemelex Xobeh.
  2061 | D:3      | HP: 1/43 [river rat (6)]
  2062 | D:3      | Slain by a river rat

Vault maps used:
D:1:      minmay_arrival_stone_box
D:2:      first_bread, chequers_ecumenical_altar_island,
          hangedman_decor_riveting, nicolae_dithmenos_shadow_blocks, uniq_robin
D:3:      gammafunk_temple_overflow_forgotten,
          nemelex_xobeh_ov_fountains_minmay, lightli_sewer_entry_pipes

Skill      XL: |  1  2  3  4 |
---------------+-------------+-----
Spellcasting   | 5 |  5.1
Invocations    | 1 |  1.5
Short Blades   | 1 |  1.4
Long Blades    | 1 |  1.4
Maces & Flails | 1 |  1.4
Polearms       | 1 |  1.4
Staves         | 1 |  1.4
Slings         | 1 |  1.4
Bows           | 1 |  1.4
Crossbows      | 1 |  1.4
Throwing       | 1 |  1.4
Stealth        | 1 |  1.4
Shields        | 1 |  1.4
Unarmed Combat | 1 |  1.4
Evocations     | 1 |  1.4
Conjurations   | 1 |  1.1
Hexes          | 1 |  1.1
Summonings     | 1 |  1.1
Necromancy     | 1 |  1.1
Translocations | 1 |  1.1
Transmutations | 1 |  1.1
Fire Magic     | 1 |  1.1
Ice Magic      | 1 |  1.1
Air Magic      | 1 |  1.1
Earth Magic    | 1 |  1.1
Poison Magic   | 1 |  1.1
Fighting       | |  4.7
Axes           | |  4.7
Armour         | |  2.9
Dodging        | |  4.7
Charms         | |  5.5

Action                   |  1- 3 |  4- 6 || total
-------------------------+-------+-------++-------
Melee: Hand axe          |    94 |       ||    94
       Bite              |    12 |     2 ||    14
       Whip              |     8 |    25 ||    33
 Cast: Infusion          |     3 |     1 ||     4
       Shroud of Golubri |     1 |       ||     1
       Song of Slaying   |     1 |       ||     1
  Use: Scroll            |       |     4 ||     4
 Stab: Sleeping          |     1 |     1 ||     2
  Eat: Chunk             |     3 |     1 ||     4
Armor: Leather armour    |    17 |       ||    17
Dodge: Dodged            |    83 |     9 ||    92

Table legend:
 A = Spawn XP
 B = Non-spawn XP
 C = Spawn XP percentage of total XP
 D = Spawn monster count
 E = Non-spawn monster count
 F = Spawn count percentage of total count
 G = Total turns spent on level
                    A         B        C        D         E        F      G
               +---------+---------+-------+---------+---------+-------+---------
         Total |       0 |     205 |   0.0 |       0 |      44 |   0.0 |  2062
               +---------+---------+-------+---------+---------+-------+---------
           D:1 |       0 |      18 |   0.0 |       0 |      11 |   0.0 |   968
           D:2 |       0 |      55 |   0.0 |       0 |      18 |   0.0 |   638
           D:3 |       0 |     132 |   0.0 |       0 |      15 |   0.0 |   456
               +---------+---------+-------+---------+---------+-------+---------
